 Dungeon Crawl Stone Soup version 0.19-a0-1002-g674d22e (webtiles) character file.

176 mistymad the Skirmisher (level 5, -2/43 HPs)
             Began as a Formicid Abyssal Knight on July 19, 2016.
             Was a Priest of Lugonu.
             Slain by a mummy (9 damage)
             ... in an ossuary.
             The game lasted 00:06:29 (2661 turns).

mistymad the Skirmisher (Formicid Abyssal Knight)   Turns: 2661, Time: 00:06:30

Health: -2/43      AC: 14    Str: 18    XL:     5   Next: 86%
Magic:  6/6        EV:  1    Int: 11    God:    Lugonu [***...]
Gold:   171        SH: 13    Dex: 10    Spells: 0 memorised, 4 levels left

rFire  . . .     SeeInvis +     a - +1 hand axe
rCold  . . .     Gourm    .     g - +0 plate armour
rNeg   + . .     Faith    .     j - +1 large shield
rPois  .         Spirit   .     (helmet unavailable)
rElec  .         Dismiss  .     f - +2 cloak
rCorr  +         Reflect  .     (no gloves)
SustAt .         Harm     .     (no boots)
MR     .....                    (no amulet)
Stlth  ..........               s - ring of positive energy
                                m - ring of resist corrosion

@: not resistant to hostile enchantments, extremely unstealthy
A: permanent stasis, dig shafts and tunnels, four strong arms, antennae 3
a: Dig, Shaft Self, Depart the Abyss, Bend Space, Banish, Renounce Religion


You were in an ossuary.
You worshipped Lugonu.
Lugonu was most pleased with you.
You were not hungry.

You visited 1 branch of the dungeon, and saw 4 of its levels.
You visited the Abyss 1 time.
You also visited: Ossuary.

You collected 171 gold pieces.

Inventory:

Hand Weapons
 a - a +1 hand axe (weapon)
Armour
 f - a +2 cloak (worn)
 g - a +0 plate armour (worn)
 j - a +1 large shield (worn)
Jewellery
 m - a ring of resist corrosion (left hand)
 s - a ring of positive energy (right hand)
Scrolls
 b - a scroll of blinking {unknown}
Potions
 e - a potion of brilliance
 o - a potion of ambrosia
 q - a potion of lignification
 u - a potion of heal wounds {unknown}
Comestibles
 c - 2 bread rations
 h - 2 royal jellies
 i - 2 meat rations
 v - 2 beef jerkies


   Skills:
 + Level 4.5 Fighting
 + Level 3.3 Axes
 + Level 3.4 Armour
 - Level 0.8 Dodging
 + Level 2.4 Shields
 - Level 2.1 Invocations


You had 4 spell levels left.
You didn't know any spells.

Dungeon Overview and Level Annotations

Branches:
Dungeon (4/15)
 Temple: D:4-7

Altars:
Qazlal
Xom
Zin
The Shining One

Annotations:
D:2 Sigmund


Innate Abilities, Weirdness & Mutations

You are under a permanent stasis effect.
You can dig through walls and to a lower floor.
Your four strong arms can wield two-handed weapons with a shield.
You have a pair of large antennae on your head. (SInv)


Message History

The mummy is moderately damaged.
You hit the mummy but do no damage. You hit the mummy.
You block the mummy's attack.
Unknown command.
You hit the mummy.
The mummy is heavily damaged.
You hit the mummy. x2; The mummy hits you! x2; You block the mummy's attack.
You take 18 damage, and have 19/43 hp.
MASSIVE DAMAGE!!
Your plate armour prevents you from hitting the mummy.
The mummy is heavily damaged.
You hit the mummy. x2; The mummy hits you.
You block the mummy's attack.
You take 2 damage, and have 17/43 hp.
Unknown command.
You barely miss the mummy.
The mummy is severely damaged.
Your shield and plate armour prevent you from hitting the mummy.
You hit the mummy. You block the mummy's attack. The mummy hits you!
* * * LOW HITPOINT WARNING * * *
The mummy hits you!
You die...

#....#
#....#
#....#
#....#
#....#
#....#
#...M#
#..MM#
#.ZM@#
######


You could see 4 mummies and a hobgoblin zombie.

Vanquished Creatures
  A howler monkey (D:3)
  Terence (D:2)
  A mummy (D:4)
  A worker ant zombie (D:3)
  An adder (D:2)
  An ooze (D:3)
  A worm (D:2)
  4 dart slugs
  2 giant geckos
  9 bats
  3 giant cockroaches
  A gnoll zombie (Ossuary)
  5 goblins
  10 hobgoblins
  2 jackals (D:3)
  A quokka (D:3)
  3 giant newts
  A hobgoblin zombie (Ossuary)
  8 kobolds
  3 kobold zombies (Ossuary)
  2 orc zombies (Ossuary)
  5 rats
66 creatures vanquished.

Vanquished Creatures (others)
  2 starspawn tentacles (Abyss:1)
2 creatures vanquished.

Grand Total: 68 creatures vanquished

Notes
Turn   | Place    | Note
-------+----------+-------------------------------------------
     0 | Abyss:1  | mistymad the Formicid Abyssal Knight began the quest for the Orb.
     0 | Abyss:1  | Reached XP level 1. HP: 18/18 MP: 2/2
     8 | Abyss:1  | Found a corrupted altar of Lugonu.
    30 | Abyss:1  | Noticed a tentacled starspawn
    37 | Abyss:1  | Noticed a small abomination
    41 | Abyss:1  | Noticed a hellion
    51 | Abyss:1  | Noticed a great orb of eyes
    51 | D:1      | Escaped the Abyss
   253 | D:1      | Reached * piety under Lugonu
   324 | D:1      | Reached XP level 2. HP: 22/24 MP: 3/3
   403 | D:1      | Found a shimmering altar of Xom.
   522 | D:1      | Reached XP level 3. HP: 29/30 MP: 4/4
   979 | D:2      | Noticed Sigmund
  1327 | D:3      | Found a glowing silver altar of Zin.
  1346 | D:3      | Reached skill level 4 in Fighting
  1346 | D:3      | Reached skill level 1 in Shields
  1346 | D:3      | Reached XP level 4. HP: 29/37 MP: 5/5
  1439 | D:3      | Reached ** piety under Lugonu
  1498 | D:3      | Found a stormy altar of Qazlal.
  1748 | D:3      | Found a glowing golden altar of the Shining One.
  2117 | D:2      | Reached XP level 5. HP: 42/42 MP: 6/6
  2396 | D:2      | Noticed Terence
  2425 | D:2      | Killed Terence
  2577 | D:4      | Found a sand-covered staircase.
  2612 | Ossuary  | Entered an ossuary
  2654 | Ossuary  | Reached *** piety under Lugonu
  2661 | Ossuary  | Slain by a mummy

Vault maps used:
D:1:      minmay_arrival_four_circles, minmay_misc_feat_roman, xom_teletrap_fun
D:2:      uniq_sigmund, uniq_terence
D:3:      overflow_temple_1_default, nicolae_overflow_crystal_walls,
          nicolae_overflow_hidden_temple, first_bread, minmay_box_of_dots
D:4:      minmay_goblin_kobold_castle, lightli_temple_of_fire,
          grunt_temple_overflow_open, gup_ossuary_entry_pyramid
Abyss:1:  hangedman_abyss_or_decor_jellyfish_corner
Ossuary:  ossuary_tomb_3

Skill      XL: |  1  2  3  4  5 |
---------------+----------------+-----
Fighting       | 4 |  4.5
Shields        | 1 2 |  2.4
Axes           | 3 |  3.3
Armour         | 3 |  3.4
Dodging        | |  0.8
Invocations    | |  2.1

Action                   |  1- 3 |  4- 6 || total
-------------------------+-------+-------++-------
Melee: Hand axe          |    67 |   183 ||   250
Invok: Depart the Abyss  |     1 |       ||     1
  Use: Scroll            |       |    10 ||    10
  Eat: Chunk             |       |     6 ||     6
Armor: Plate armour      |    49 |    99 ||   148
       Leather armour    |     1 |       ||     1
Dodge: Dodged            |    13 |     9 ||    22
Block: Large shield      |    19 |   124 ||   143
